 Dungeon Crawl Stone Soup version 0.29.1-1-gd02db6906a (webtiles) character file.

Game seed: 14186629198904283927

90 croobank the Caller (level 4, -3/28 HPs)
             Began as an Octopode Summoner on Sept 30, 2022.
             Shot with an arrow by a centaur (11 damage)
             ... on level 3 of the Dungeon.
             The game lasted 00:10:04 (2452 turns).

croobank the Caller (Octopode Summoner)             Turns: 2452, Time: 00:10:05

Health: -3/28      AC:  1    Str:  7    XL:     4   Next: 56%
Magic:  3/8        EV: 13    Int: 19    God:
Gold:   173        SH:  0    Dex: 12    Spells: 2/8 levels left

rFire   . . .      SeeInvis .   o - +0 falchion
rCold   . . .      Faith    .   (no shield)
rNeg    . . .      Spirit   .   (helmet restricted)
rPois   +          Reflect  .   (no amulet)
rElec   .          Harm     .   f - ring of poison resistance
rCorr   .          Rampage  .   (no ring)
Will    .....                   (no ring)
Stlth   +++.......              (no ring)
HPRegen 0.09/turn               (no ring)
MPRegen 0.11/turn               (no ring)
                                (no ring)
                                (no ring)

@: no status effects
A: almost no armour, amphibious, 8 rings, camouflage 1, gelatinous body 1,
(nimble swimmer 1), tentacles
a: no special abilities


You were on level 3 of the Dungeon.
You visited 1 branch of the dungeon, and saw 3 of its levels.

You collected 173 gold pieces.

Inventory:

Hand Weapons
 b - a +0 sling
 o - a +0 falchion (weapon)
Jewellery
 f - a ring of poison resistance (left tentacle)
Wands
 l - a wand of paralysis (11)
Scrolls
 e - 4 scrolls of identify {unknown}
 h - 2 scrolls of torment {unknown}
 i - a scroll of enchant weapon {unknown}
 k - a scroll of magic mapping {unknown}
 m - a scroll of amnesia {unknown}
Potions
 c - a potion of haste {unknown}
 d - 2 potions of heal wounds {unknown}
 g - a potion of berserk rage {unknown}
 j - a potion of mutation {unknown}
 n - a potion of attraction {unknown}


   Skills:
 + Level 1.5 Fighting
 + Level 2.8 Dodging
 - Level 3.0 Stealth
 + Level 2.7 Spellcasting
 + Level 4.5 Summonings


You had 2 spell levels left.
You knew the following spells:

 Your Spells              Type           Power      Damage    Failure   Level
a - Summon Small Mammal   Summ           76%        N/A       2%          1
b - Call Imp              Summ           19%        N/A       3%          2
c - Call Canine Familiar  Summ           19%        N/A       8%          3

Your spell library contained the following spells:

 Spells                   Type           Power      Damage    Failure   Level
 Freeze                   Ice            8%         1d3       16%         1
 Ensorcelled Hibernation  Hex/Ice        4%         N/A       24%         2
 Summon Guardian Golem    Hex/Summ       11%        N/A       19%         3
 Frozen Ramparts          Ice            4%         1d1       43%         3
 Spider Form              Tmut/Pois      2%         N/A       43%         3
 Summon Lightning Spire   Summ/Air       11%        N/A       52%         4
 Anguish                  Hex/Necr       1%         N/A       83%         4
 Hailstorm                Conj/Ice       2%         3d3       83%         4


Dungeon Overview and Level Annotations

Branches:
Dungeon (3/15)

Altars:

Shops:
D:1 =


Innate Abilities, Weirdness & Mutations

You cannot wear most types of armour.
You are amphibious.
You can wear up to eight rings at the same time.
Your skin changes colour to match your surroundings (Stealth+).
Your rubbery body absorbs attacks. (AC +1, EV +1)
((You are camouflaged when in or above water. (Stealth+)))
You have tentacles for arms and can constrict up to eight enemies at once.


Message History

Evoke which item? (* to show all) (? for menu, Esc to quit)
You don't have any such object.
Evoke which item? (* to show all) (? for menu, Esc to quit)
Aiming: Paralyse
Press: ? - help, Shift-Dir - straight line, f - centaur
Aim: a centaur, wielding a +0 shortbow and carrying a wand of paralysis (9) (chance to affect: 49%)
Okay, then.
Your hound bites the gnoll.
The gnoll misses your hound.
The centaur zaps a wand.
Your rat resists with significant effort.
Your rat bites the centaur but does no damage.
Your hound closely misses the gnoll.
The centaur unwields a +0 shortbow.
The centaur hits your hound. The centaur misses your hound.
Your hound bites the gnoll.
The gnoll barely misses your hound.
Your rat bites the centaur but does no damage.
Your hound bites the gnoll.
The gnoll dies!
The centaur wields a +0 shortbow.
The centaur shoots an arrow.
The arrow barely misses your rat. The arrow hits you!
Ouch! That really hurt!
Your hound barely misses the centaur.
Your rat bites the centaur but does no damage.
You swap places.
The centaur unwields a +0 shortbow.
The centaur hits your rat. The centaur closely misses your rat.
Your hound bites the centaur but does no damage.
The centaur wields a +0 shortbow.
The centaur shoots an arrow.
The arrow hits your rat.
Your rat dies!
Your rat's corpse disappears in a puff of smoke!
Your hound bites the centaur.
The centaur shoots an arrow.
The arrow misses your crimson imp. The arrow hits you.
* * * LOW HITPOINT WARNING * * *
Your crimson imp blinks!
Your hound barely misses the centaur.
The centaur zaps a wand.
You resist with some effort.
Your hound bites the centaur.
The centaur shoots an arrow.
The arrow closely misses your hound. The arrow hits you!
You die...

. #.###########.##
# ##.## #...
##...##### ####
#........#
#....###.#
#.#.####.# ####
#.#.#.<..# ..#
#.#.#.#######.#
#@#.#....#....####
#h.......#........
#)c.###..#.#.#####
### #.5## #)...#.#
.....###..#
#.####.#
..?.go..).# #.#
#.# ....####.##
#># #.# . ...# #.#
#.# ###.. ... ...


You could see a centaur (ally target), a friendly hound (summoned) and a
friendly crimson imp (summoned).

Vanquished Creatures
  An adder (D:2)
  A jackal (D:2)
  2 kobolds (D:1)
  3 bats
  3 frilled lizards
  2 rats (D:1)
12 creatures vanquished.

Vanquished Creatures (collateral kills)
  2 gnolls (D:3)
  An adder (D:2)
  A dart slug (D:3)
  2 orcs (D:3)
  2 ball pythons
  4 endoplasms
  A giant cockroach (D:2)
  3 goblins (D:1)
  3 hobgoblins
  3 jackals
  A kobold (D:1)
  2 quokkas
  2 bats
  11 frilled lizards
  2 rats (D:2)
40 creatures vanquished.

Vanquished Creatures (others)
  5 plants (D:2)
5 creatures vanquished.

Grand Total: 57 creatures vanquished

Notes
Turn   | Place    | Note
-------+----------+-------------------------------------------
     0 | D:1      | croobank the Octopode Summoner began the quest for the Orb.
     0 | D:1      | Reached XP level 1. HP: 11/11 MP: 3/3
    93 | D:1      | Reached XP level 2. HP: 17/17 MP: 0/5
    96 | D:1      | Learned a level 2 spell: Call Imp
   485 | D:1      | Found a faded altar of an unknown god.
   840 | D:1      | Found Nef Atriun's Jewellery Emporium.
  1094 | D:2      | Reached XP level 3. HP: 21/22 MP: 3/6
  1098 | D:2      | Learned a level 3 spell: Call Canine Familiar
  1314 | D:2      | Reached skill level 1 in Fighting
  1616 | D:2      | Reached XP level 4. HP: 28/28 MP: 3/7
  1986 | D:3      | Noticed a centaur
  2452 | D:3      | Shot with an arrow by a centaur

Illustrated notes

Levels and vault maps discovered:
D:1:      minmay_arrival_shattered_statue, layout_basic, basic_ecumenical_altar,
          serial_shops, nicolae_lakefront_shop
D:2:      kennysheep_big_flooded_room, layout_rooms, minmay_lizard_king
D:3:      layout_loops_ring, grunt_ministairs_4, supply_closet_lemuel,
          amcnicky_mini_corridor_feature, uniq_terence, uniq_natasha,
          uniq_jessica

Skill      XL: |  1  2  3 |
---------------+----------+-----
Stealth        | 3 |  3.0
Fighting       | 1 |  1.5
Dodging        | |  2.8
Spellcasting   | |  2.7
Summonings     | |  4.5

Action                   |  1- 3 |  4- 6 || total
-------------------------+-------+-------++-------
Melee: Unarmed           |    40 |     3 ||    43
       Constrict         |    13 |       ||    13
       Tentacles         |     6 |       ||     6
       Punch             |     1 |       ||     1
 Cast: Summon Small Mamm |    45 |    15 ||    60
       Call Imp          |     9 |     5 ||    14
       Call Canine Famil |     2 |     4 ||     6
  Use: Potion            |       |     1 ||     1
 Stab: Sleeping          |     1 |       ||     1
Armor: Skin              |    15 |       ||    15
Dodge: Dodged            |    47 |    13 ||    60
